 Dungeon Crawl Stone Soup version 0.26-a0-1181-gd376ed14c5 (webtiles) character file.

Game seed: 5961576887438220105

955 sanka the Covert (level 7, -4/33 HPs)
             Began as a Spriggan Enchanter on Dec 26, 2020.
             Slain by a mummy (16 damage)
             ... in an ossuary.
             The game lasted 00:13:18 (7441 turns).

sanka the Covert (Spriggan Enchanter)               Turns: 7441, Time: 00:13:18

Health: -4/33      AC:  2    Str:  4    XL:     7   Next: 91%
Magic:  6/12       EV: 20    Int: 17    God:
Gold:   248        SH:  0    Dex: 18    Spells: 0/12 levels left

rFire    . . .     SeeInvis +   a - +1 dagger
rCold    . . .     Faith    .   (shield restricted)
rNeg     . . .     Spirit   .   b - +0 robe
rPois    .         Reflect  .   (helmet restricted)
rElec    .         Harm     .   (no cloak)
rCorr    .         Rampage  .   (gloves unavailable)
Will     +....                  (boots unavailable)
Stlth    ++++......             (no amulet)
HPRegen  0.11/turn              (no ring)
MPRegen  0.13/turn              (no ring)

@: confusing touch, marked, very quick
A: very small, unfitting armour, see invisible, speed 3
a: no special abilities


You were in an ossuary.
You visited 1 branch of the dungeon, and saw 5 of its levels.
You also visited: Sewer and Ossuary.

You collected 248 gold pieces.


Innate Abilities, Weirdness & Mutations

You are very small and have problems with some larger weapons.
You are too small for most types of armour.
You have supernaturally acute eyesight. (SInv)
You cover ground extremely quickly.


   Skills:
 + Level 1.0 Fighting
 - Level 5.0 Short Blades
 * Level 4.3 Dodging
 - Level 8.0 Stealth
 - Level 3.0 Spellcasting
 - Level 8.0 Hexes


You couldn't memorise any spells.
You knew the following spells:

 Your Spells              Type           Power        Failure   Level
x - Tukima's Dance        Hex            29%          1%          3
y - Dazzling Flash        Conj/Hex       32%          10%         3
z - Ensorcelled Hibernat  Hex/Ice        32%          4%          2
X - Confusing Touch       Hex            29%          1%          3
Z - Corona                Hex            32%          1%          1

Your spell library contained the following spells:

 Spells                   Type           Power        Failure   Level


Inventory:

Hand Weapons
 a - a +1 dagger (weapon)
Armour
 b - a +0 robe (worn)
 o - a +0 buckler
Scrolls
 c - 6 scrolls of identify {unknown}
 d - 2 scrolls of magic mapping {unknown}
 g - 5 scrolls of remove curse {unknown}
 i - a scroll of enchant armour {unknown}
 l - a scroll of immolation {unknown}
 n - 2 scrolls of amnesia {unknown}
 p - 2 scrolls of fear {unknown}
 q - 3 scrolls of teleportation {unknown}
Potions
 e - 4 potions of flight
 f - a potion of cancellation {unknown}
 h - 2 potions of degeneration {unknown}
 j - a potion of attraction {unknown}
 k - a potion of curing {@q1}
 m - a potion of heal wounds {unknown}
 r - a potion of brilliance {unknown}
 s - a potion of might {unknown}
 t - a potion of invisibility {unknown}

Dungeon Overview and Level Annotations

Branches:
Dungeon (5/15)              Sewer (visited)         Ossuary (1/1)
 Temple: D:4-7

Altars:
Elyvilon
Fedhas
Yredelemnul
The Shining One

Shops:
D:5

!*?
▒..▒▒▒.......▒▒
+^..▒.........▒
▒.^.'....⌠....+
+...▒.........▒
▒..▒▒▒.......▒▒
+M▒▒ ▒▒..M..▒▒
▒.▒ ▒▒▒M▒▒▒ ▒M▒
▒M▒ !!! ▒▒i▒▒
▒.?!▒ ▒.∩.▒
▒▒▒▒▒ ▒.∩.▒
▒▒▒▒▒


You could see 3 mummies.


Message History

There is an open door here.
Which direction?
You close the door.
Your hands begin to glow red.
A mummy opens the door.
You hit the mummy but do no damage.
The mummy appears confused.
You hit the mummy.
The mummy is lightly damaged.
You completely miss the mummy.
The mummy is lightly damaged.
The mummy hits the mummy!
You hit the mummy but do no damage.
The mummy is lightly damaged.
You hit the mummy.
The mummy is lightly damaged.
The mummy barely misses the mummy.
You hit the mummy.
The mummy is lightly damaged.
You hit the mummy but do no damage.
The mummy is lightly damaged.
The mummy closely misses the mummy.
You catch the helpless mummy completely off-guard!
You impale the mummy!!
You destroy the mummy!
Your hands begin to glow red.
You hit the mummy but do no damage.
The mummy is heavily damaged.
The mummy hits you!
You die...

Action                   |  1- 3 |  4- 6 |  7- 9 || total
-------------------------+-------+-------+-------++-------
Melee: Dagger            |    86 |   173 |   111 ||   370
 Cast: Corona            |     3 |       |     1 ||     4
       Ensorcelled Hiber |    23 |    88 |    23 ||   134
       Confusing Touch   |       |     1 |    11 ||    12
  Use: Potion            |       |     3 |     1 ||     4
 Stab: Sleeping          |    19 |    50 |    18 ||    87
       Distracted        |     2 |     1 |       ||     3
       Confused          |       |     1 |     9 ||    10
Armor: Robe              |    10 |    14 |     4 ||    28
Dodge: Dodged            |    78 |   173 |    52 ||   303

Levels and vault maps discovered:
D:1:      matt_arrival_diagonals, layout_loops_corners
D:2:      layout_rooms, amethyst_overflow_temple_binary,
          chequers_ecumenical_altar_simple_redux, minmay_rat_hole
D:3:      layout_basic, overflow_temple_1_default, yredelemnul_altar_generic,
          portal_sewer_entry_f, uniq_robin
D:4:      layout_loops_cross
D:5:      layout_rooms, minmay_temple_entry_butterflies, enter_ossuary_3,
          serial_shops, nicolae_shop_crystal, nicolae_shop_behind_doors,
          shop_fountains, nicolae_shop_crystal, nicolae_shop_window_shopping,
          grunt_ministairs_10
Ossuary:  ossuary_crypta

Notes
Turn   | Place    | Note
-------+----------+-------------------------------------------
     0 | D:1      | sanka the Spriggan Enchanter began the quest for the Orb.
     0 | D:1      | Reached XP level 1. HP: 9/9 MP: 5/5
   560 | D:1      | Reached skill level 5 in Stealth
   596 | D:1      | Reached XP level 2. HP: 13/13 MP: 6/6
   599 | D:1      | Learned a level 2 spell: Ensorcelled Hibernation
  1068 | D:1      | Reached skill level 6 in Stealth
  1854 | D:2      | Reached XP level 3. HP: 16/16 MP: 4/8
  2220 | D:2      | Found a white marble altar of Elyvilon.
  2227 | D:2      | Found a glowing golden altar of the Shining One.
  2421 | D:2      | Reached skill level 7 in Stealth
  2547 | D:2      | Reached XP level 4. HP: 15/21 MP: 4/9
  2745 | D:2      | Found a faded altar of an unknown god.
  2801 | D:3      | Found a blossoming altar of Fedhas.
  2947 | D:3      | Found a glowing drain.
  3006 | D:3      | Reached skill level 8 in Stealth
  3097 | Sewer    | Entered a sewer
  3178 | Sewer    | Noticed a big kobold
  3231 | Sewer    | Killed a big kobold
  3232 | Sewer    | Reached skill level 3 in Spellcasting
  3232 | Sewer    | Reached skill level 4 in Hexes
  3232 | Sewer    | Reached skill level 2 in Short Blades
  3232 | Sewer    | Reached XP level 5. HP: 24/24 MP: 1/10
  3447 | Sewer    | Found a white marble altar of Elyvilon.
  3595 | D:3      | Noticed Robin
  3795 | D:3      | Reached skill level 3 in Short Blades
  4357 | D:3      | Killed Robin
  4863 | D:3      | Reached skill level 4 in Short Blades
  4985 | D:3      | Found a basalt altar of Yredelemnul.
  5294 | D:4      | Reached XP level 6. HP: 22/28 MP: 4/11
  5396 | D:4      | Learned a level 3 spell: Confusing Touch
  5400 | D:4      | Learned a level 3 spell: Tukima's Dance
  5419 | D:4      | Reached skill level 5 in Short Blades
  5689 | D:4      | Reached skill level 5 in Hexes
  5909 | D:4      | Reached skill level 6 in Hexes
  5909 | D:4      | Reached XP level 7. HP: 32/32 MP: 9/12
  6021 | D:4      | Reached skill level 7 in Hexes
  6735 | D:5      | Entered Level 5 of the Dungeon
  6745 | D:5      | Found Axteumm's Assorted Antiques.
  6766 | D:5      | Reached skill level 8 in Hexes
  6793 | D:5      | Found Jihuzih's Magic Scroll Shoppe.
  6911 | D:5      | HP: 2/32 [phantom (8)]
  6928 | D:5      | Reached skill level 4 in Dodging
  6963 | D:5      | Found Totz's Distillery.
  7360 | D:5      | Found a sand-covered staircase.
  7369 | Ossuary  | Entered an ossuary
  7378 | Ossuary  | Learned a level 3 spell: Dazzling Flash
  7421 | Ossuary  | Reached skill level 1 in Fighting
  7441 | Ossuary  | Slain by a mummy

Vanquished Creatures
  A phantom (D:4)
  An ogre (D:4)
  A centaur (D:4)
  A big kobold (Sewer)
  A scorpion (D:5)
  2 hounds (D:4)
  A bullfrog zombie (D:4)
  An orc priest (D:4)
  A bullfrog skeleton (D:5)
  2 orc wizards (D:4)
  A centaur skeleton (D:4)
  An iguana (D:4)
  3 worker ants
  2 mummies (Ossuary)
  Robin (D:3)
  A gnoll (D:1)
  5 adders
  A shadow imp (D:5)
  2 oozes
  4 worms
  2 adder skeletons
  A dart slug (D:3)
  5 leopard geckos
  18 orcs
  A ball python (D:4)
  8 bats
  6 giant cockroaches
  16 goblins
  4 hobgoblins
  4 jackals
  3 quokkas
  3 frilled lizards
  2 kobolds
  A leopard gecko skeleton (D:5)
  A quokka skeleton (D:4)
  26 rats
134 creatures vanquished.
